Map: Lerilak Crest

Players

NeiGuM

  • Race: Zerg Zerg
  • League: Bronze

wabbajack - Winner!

  • Race: Zerg Zerg
  • League: Bronze

VOD

Have the link to the VOD?

Description

Time

  • Played on: July 16, 2015, 12:30 p.m.
  • Length: 4:53
Show
View Real Time Build Order
Export as new Build Order

NeiGuM Zerg 

Build Orders: Hatch First 

Get SALT Encoding   

  12  0:02  Drone  
  13  0:19  Drone  
  14  0:22  Drone, Extractor  
  14  0:23  Extractor  
  15  0:50  Hatchery  
  15  0:51  Extractor  
  15  0:53  Drone  
  14  1:02  Spawning Pool  
  13  1:08  Drone  
  14  1:12  Overlord  
  14  1:32  Drone x3  
  17  1:48  Zergling x2  
  17  1:52  Queen  
  20  1:55  Zergling x2  
  21  2:02  Zergling x2  
  21  2:05  Zergling x2  
  23  2:14  Drone  
  24  2:18  Drone  
  25  2:32  Drone, Queen  
  28  2:45  Metabolic Boost  
  28  2:50  Baneling Nest  
  27  2:56  Extractor  
  26  3:01  Drone x2  
  27  3:26  Overlord x2  
  27  3:32  Lair  
  27  3:36  Roach Warren  
  26  3:46  Drone x4  
  26  3:47  Drone  
  31  3:49  Drone x2  
  31  3:50  Drone  
  34  3:59  Baneling x3  
  34  4:04  Drone  
  35  4:14  Drone  
  36  4:17  Overlord x2  
  36  4:28  Roach  
  36  4:29  Roach  
  34  4:43  Spine Crawler  
  34  4:44  Spine Crawler  
Show
View Real Time Build Order
Export as new Build Order

wabbajack Zerg - Winner!

Build Orders: Hatch First 

Get SALT Encoding   

  12  0:01  Drone  
  13  0:15  Overlord  
  13  0:19  Drone  
  14  0:33  Drone  
  14  0:34  Drone  
  16  0:46  Drone  
  17  0:57  Hatchery  
  16  1:04  Drone x2  
  16  1:07  Extractor  
  17  1:17  Spawning Pool  
  16  1:22  Drone  
  16  1:23  Drone  
  18  1:45  Drone  
  18  1:46  Overlord  
  19  1:56  Drone  
  20  2:04  Queen  
  22  2:10  Metabolic Boost  
  22  2:11  Queen  
  24  2:17  Drone  
  24  2:18  Drone  
  24  2:19  Drone  
  27  2:29  Drone  
  28  2:33  Roach Warren  
  27  2:37  Overlord  
  27  2:44  Overlord  
  27  3:16  Roach x2  
  27  3:17  Roach  
  33  3:22  Roach x4  
  41  3:27  Roach  
  41  3:30  Overlord  
  41  3:31  Overlord  
  43  3:36  Roach  
  45  3:43  Zergling x10  
  50  4:04  Zergling x2  
  50  4:05  Zergling x18  
  60  4:13  Queen  
  60  4:17  Overlord  
Tags
 
Add a new tag
Caveats
  • Supply blocks, unpowered buildings, or Contaminate may cause inaccurate times.
  • Supply counts are checked every 10 seconds.